 Dungeon Crawl Stone Soup version 0.19-a0-904-ga29959e (webtiles) character file.

535839 Etesian the Slayer (level 26, 0/235 HPs)
             Began as a Merfolk Monk on July 5, 2016.
             Was a Follower of Makhleb.
             Shot with a bolt by a yaktaur captain (30 damage)
             ... on level 5 of the Vaults.
             The game lasted 03:31:02 (74390 turns).

Etesian the Slayer (Merfolk Monk)                  Turns: 74390, Time: 03:31:02

Health: 0/235      AC: 29    Str: 20    XL:     26   Next: 37%
Magic:  28/31      EV: 25    Int: 14    God:    Makhleb [*.....]
Gold:   3689       SH: 12    Dex: 21    Spells: 7 memorised, 5 levels left

rFire  + + +     SeeInvis +     a - +18 lance "Wyrmbane" {slay drac, rPois rF+ rC+ AC+3}
rCold  + + .     Gourm    .     V - +8 fire dragon armour
rNeg   + . .     Faith    .     O - +3 buckler of Lifelessness {MR+}
rPois  +         Spirit   .     Y - +1 hat {SInv}
rElec  +         Dismiss  .     E - -4 cloak of the Rose {rElec rF+ rC++ Slay+2}
rCorr  .         Reflect  .     J - +0 pair of gloves "Uracusche" {Int+4 Dex+2 Slay+3}
SustAt .         Harm     .     K - +3 pair of boots "Otewiv" {rPois}
MR     +++..                    U - amulet of regeneration
Stlth  +.........               T - ring of protection from magic
                                D - ring of positive energy

@: very slightly contaminated, regenerating, studying Translocations, drained,
extremely resistant to hostile enchantments, very unstealthy
A: change form in water, swift swim
a: Renounce Religion
}: 2/15 runes: barnacled, gossamer


You were on level 5 of the Vaults.
You worshipped Makhleb.
Makhleb was aware of your devotion.
You were very hungry.

You visited 10 branches of the dungeon, and saw 46 of its levels.
You visited the Abyss 1 time.
You also visited: Labyrinth, Volcano and Wizlab.

You collected 5855 gold pieces.
You spent 2166 gold pieces at shops.

Inventory:

Hand Weapons
 a - the +18 lance "Wyrmbane" (weapon) {slay drac, rPois rF+ rC+ AC+3}
   (You acquired it on level 6 of the Lair of Beasts)

   It affects your AC (+3).
   It protects you from fire.
   It protects you from cold.
   It protects you from poison.
Missiles
 j - 6 throwing nets (quivered)
 B - a bolt
 W - 5 tomahawks of dispersal
Armour
 E - the -4 cloak of the Rose (worn) {rElec rF+ rC++ Slay+2}
   (You found it in a wizard's laboratory)

   It affects your accuracy and damage with ranged weapons and melee attacks
   (+2).
   It protects you from fire.
   It greatly protects you from cold.
   It insulates you from electricity.
 J - the +0 pair of gloves "Uracusche" (worn) {Int+4 Dex+2 Slay+3}
   (You bought it in a shop on level 3 of the Vaults)

   It affects your intelligence (+4).
   It affects your dexterity (+2).
   It affects your accuracy and damage with ranged weapons and melee attacks
   (+3).
 K - the +3 pair of boots "Otewiv" (worn) {rPois}
   (Okawaru gifted it to you on level 3 of the Vaults)

   It protects you from poison.
 O - the +3 buckler of Lifelessness (worn) {MR+}
   (Okawaru gifted it to you on level 3 of the Lair of Beasts)

   It affects your resistance to hostile enchantments.
 V - a +8 fire dragon armour (worn)
 Y - a +1 hat of see invisible (worn)
Jewellery
 r - an uncursed ring of protection from cold
 z - the amulet of Muocan {Dismiss rN+ Int+2 Dex+2}
   (You found it on level 14 of the Dungeon)

   [amulet of dismissal]

   It may teleport away creatures that harm you.
   It affects your intelligence (+2).
   It affects your dexterity (+2).
   It protects you from negative energy.
 C - the ring "Cumiciu" {AC+5 Int+2 SInv}
   (You found it in a wizard's laboratory)

   [ring of protection]

   It affects your AC (+5).
   It affects your intelligence (+2).
   It lets you see invisible.
 D - a ring of positive energy (left hand)
 F - an uncursed ring of positive energy
 T - a ring of protection from magic (right hand)
 U - an amulet of regeneration (around neck)
Wands
 b - a wand of teleportation (4/9)
 g - a wand of teleportation (2/9)
 H - a wand of disintegration (14/24)
Scrolls
 d - 19 scrolls of teleportation
 s - 9 scrolls of identify
 u - 4 scrolls of magic mapping
 x - 30 scrolls of remove curse
 y - 3 scrolls of recharging
 G - 4 scrolls of summoning
 I - 3 scrolls of brand weapon
 L - 6 scrolls of enchant weapon
 N - 4 scrolls of silence
 X - 5 scrolls of fog
Potions
 e - 4 potions of agility
 f - 6 potions of haste
 h - 8 potions of cancellation
 k - 7 potions of might
 n - 5 potions of berserk rage
 o - 2 potions of invisibility
 t - a potion of resistance
 v - 15 potions of curing
 A - 3 potions of heal wounds
 M - 8 potions of brilliance
 P - 4 potions of flight
 Q - 2 potions of cure mutation
Books
 l - a manual of Translocations
Miscellaneous
 m - 3 sacks of spiders
 q - a phial of floods
Comestibles
 c - 28 bread rations
 i - 9 chunks of flesh
 p - 18 meat rations
 w - 33 fruits
 R - 15 beef jerkies
 S - 3 royal jellies


   Skills:
 * Level 25.3(24.4) Fighting
 - Level 19.5(18.7) Polearms
 + Level 15.3(14.6) Armour
 - Level 20.0(19.1) Dodging
 - Level 2.1(1.6) Stealth
 - Level 16.9(16.2) Shields
 * Level 17.8(17.0) Charms
 - Level 11.6(11.0) Invocations


You had 5 spell levels left.
You knew the following spells:

 Your Spells              Type           Power        Failure   Level  Hunger
b - Song of Slaying       Chrm           #####...     1%          2    ###....
c - Regeneration          Chrm/Necr      ###.......   8%          3    ####...
d - Shroud of Golubria    Chrm/Tloc      ###.......   3%          2    ###....
e - Blink                 Tloc           N/A          90%         2    ###....
f - Haste                 Chrm           #####...     12%         6    #######
j - Repel Missiles        Chrm/Air       ###...       3%          2    ###....
r - Spectral Weapon       Hex/Chrm       ###.....     8%          3    ####...


Dungeon Overview and Level Annotations

Branches:
Dungeon (15/15)            Temple (1/1) D:7            Lair (6/6) D:9
 Shoals (4/4) Lair:4       Spider (4/4) Lair:4        Slime (0/5) Lair:6
    Orc (2/2) D:12            Elf (3/3) Orc:2        Vaults (5/5) D:14
  Crypt (0/3) Vaults:2     Depths (5/5) D:15           Hell (1/1)
    Dis (0/7) Hell            Geh (0/7) Hell            Coc (0/7) Hell
    Tar (0/7) Hell            Zot (0/5) Depths:5

Altars:
Ashenzari
Cheibriados
Dithmenos
Elyvilon
Fedhas
Gozag
Hepliaklqana
Kikubaaqudgha
Makhleb
Nemelex Xobeh
Okawaru
Pakellas
Qazlal
Ru
Sif Muna
Trog
Uskayaw
Vehumet
Xom
Yredelemnul
Zin
The Shining One
Beogh
Jiyva

Shops:
D:4 ?   D:7 %   D:11 :   Orc:2 =(*[   Elf:3 *   Shoals:3 !   Vaults:2 *
Vaults:3 *::?!

Portals:
Hell: Depths:1 Depths:2 Depths:3 Depths:4 Depths:5
Abyss: Depths:1 Depths:4 Depths:5
Pandemonium: Depths:3
Ziggurat: Depths:4


Message History

The shadow dragon breathes negative energy at you.
The bolt of negative energy misses you.
The deep elf high priest shoots an arrow.
The arrow barely misses you.
The quicksilver dragon breathes dispelling energy at you.
The bolt of dispelling energy misses you.
You see here an arrow.
You regained 2 hp, and now have 37/235 hp.
The ettin shouts in stereo!
The lost soul fades away!
The stone giant completely misses you. The shadow dragon bites you.
* * * LOW HITPOINT WARNING * * *
The shadow dragon claws you but does no damage.
The shadow dragon barely misses you. The titan hits you!
* * * LOW HITPOINT WARNING * * *
You take 9 damage, and have 28/235 hp.
The vault guard shouts!
The yaktaur captain wields an arbalest.
The yaktaur captain shoots a bolt.
The bolt hits you!!
You die...

#..# #..#...%# ..
##..#....#... ...#....#...
.............
#################........##
##
p*.......(.O...............
..
o.o......*oo.......[<<.....
..
T.o.....ppT.W.DC@..<..<....
..
e.ToO....po(e((DC...cC.....
..
#################........##
##


oo.......... ..C.#x...#... #.##..#....# .. . #..#....# . ...#...p# You could see
a shadow dragon, an ironheart preserver, a titan, a quicksilver dragon, a stone
giant, a vault warden, a yaktaur captain, a vault guard, an ettin, a deep troll,
a shadow wraith (invisible), a deep elf high priest, an ogre, a lost soul, 3
orcs and a crawling corpse.

Vanquished Creatures
  Mara (Depths:4)
  A juggernaut (Depths:5)
  The ghost of Arkorax the Invulnerable, a master MiMo of Makhleb (Depths:5)
  Sojobo (Depths:1)
  Boris (Depths:5)
  Saint Roka (Depths:2)
  Xtahua (Depths:5)
  Geryon (Hell)
  A caustic shrike (Depths:4)
  Nikola (Depths:2)
  4 golden dragons
  Jory (Vaults:4)
  the Enchantress (Depths:3)
  3 bone dragons
  Jorgrun (Depths:4)
  7 tentacled monstrosities
  4 liches
  4 quicksilver dragons
  A deep elf blademaster (Elf:2)
  3 titans
  A deep elf master archer (Elf:3)
  2 tentacled starspawn
  4 shadow dragons
  3 sphinxes
  Kirke (Lair:4)
  3 tengu reavers
  Ilsuiw (Shoals:2)
  10 fire giants
  7 frost giants
  Aizul (Depths:2)
  3 orc warlords (Orc:1)
  2 iron dragons
  2 balrugs
  10 deep elf sorcerers
  A draconian scorcher (Abyss:2)
  5 vault wardens
  6 ghost moths
  An angel (Abyss:2)
  3 spriggan defenders
  12 deep elf elementalists
  A draconian shifter (Depths:5)
  8 emperor scorpions
  A war gargoyle (Hell)
  34 very ugly things
  18 stone giants
  10 ironheart preservers
  4 reapers
  4 vampire knights
  8 entropy weavers
  2 green draconians
  11 deep elf demonologists
  2 red draconians
  3 yellow draconians
  2 mottled draconians (Depths:5)
  A black draconian (Depths:5)
  A purple draconian (Depths:5)
  4 ettins
  10 spark wasps
  6 merfolk javelineers
  6 deep elf annihilators
  A green death (Hell)
  7 deep elf death magi
  2 blizzard demons (Hell)
  Erolcha (D:10)
  2 great orbs of eyes
  15 yaktaur captains
  11 deep elf high priests
  6 merfolk impalers
  A minotaur (Lab)
  12 fire dragons
  8 ice dragons
  25 vault guards
  Fannar (Orc:1)
  2 rakshasas
  4 merfolk avatars
  A ghost crab (shapeshifter) (Depths:5)
  6 spriggan air magi
  2 merfolk aquamancers
  A death knight (Vaults:2)
  8 hydras
  9 centaur warriors
  10 ogre magi
  The ghost of Etesian the Cleaver, a novice MiMo of Okawaru (D:10)
  3 alligator snapping turtles
  4 hell hogs (Hell)
  27 dancing weapons
  A queen ant (Lair:4)
  A satyr (Shoals:4)
  5 tengu warriors
  2 vampire magi
  8 deep troll shamans
  9 death yaks
  13 spriggan berserkers
  Urug (D:13)
  7 deep troll earth magi
  3 thrashing horrors
  3 orc high priests
  2 iron golems (Hell)
  9 iron trolls
  A shock serpent (shapeshifter) (Vaults:2)
  3 soul eaters
  18 deep elf knights
  9 sun demons
  A storm dragon skeleton (Vaults:1)
  12 hell knights
  Nergalle (D:11)
  8 wizards
  6 skeletal warriors
  2 death drakes (shapeshifter)
  5 flayed ghosts
  5 starcursed masses (Abyss:2)
  7 sea snakes
  A giant orange brain (shapeshifter) (D:13)
  A salamander mystic (Depths:2)
  15 deep trolls
  9 ironbrand convokers
  4 large abominations
  An unseen horror (Abyss:2)
  10 deep elf archers
  2 giant orange brains (WizLab)
  A swamp dragon (shapeshifter) (Vaults:2)
  7 hill giants
  23 harpies
  2 lindwurms
  An anaconda skeleton (WizLab)
  An obsidian statue (WizLab)
  12 necromancers
  57 deep elf magi
  44 ugly things
  19 orc knights
  A stone giant zombie (Vaults:1)
  A fire giant zombie (Depths:1)
  An orb spider (shapeshifter) (D:14)
  3 fauns (Shoals:1)
  A shining eye (shapeshifter) (Vaults:5)
  11 orc sorcerers
  2 salamanders (Depths:2)
  A frost giant zombie (Depths:1)
  25 wolf spiders
  29 orb spiders
  10 cyclopes
  A moth of wrath (Spider:2)
  A moth of wrath (shapeshifter) (D:14)
  10 griffons
  12 manticores
  2 sixfirhies
  5 hornets
  4 worldbinders
  2 salamanders (shapeshifter)
  14 sirens
  A hornet (shapeshifter) (Vaults:2)
  9 elephants
  A guardian serpent (shapeshifter) (Vaults:2)
  A stone giant skeleton (D:15)
  7 water nymphs
  An eye of devastation (shapeshifter) (Vaults:1)
  3 black mambas
  5 rust devils
  11 vault sentinels
  An ice statue (Hell)
  2 orange demons
  A storm dragon simulacrum (Vaults:1)
  4 molten gargoyles
  A smoke demon (Hell)
  2 gargoyles
  13 spiny frogs
  5 spectral swamp worms (Depths:5)
  A hellion (Hell)
  A redback zombie (D:15)
  A komodo dragon (shapeshifter) (Vaults:2)
  13 komodo dragons
  3 kobold demonologists
  3 rime drakes
  A tormentor (WizLab)
  A yaktaur zombie (D:15)
  3 red devils (Hell)
  49 yaktaurs
  16 demonic crawlers
  4 tengu conjurers
  10 freezing wraiths
  6 ancient zymes
  8 trolls
  3 ice devils
  4 harpy zombies
  2 hydra zombies (Hell)
  A queen bee (shapeshifter) (Depths:4)
  31 jumping spiders
  A wind drake (shapeshifter) (Vaults:4)
  21 merfolk
  17 two-headed ogres
  40 blink frogs
  Grinder (D:4)
  An ettin zombie (Depths:1)
  9 raiju (Abyss:2)
  A blink frog (shapeshifter) (Vaults:4)
  17 slime creatures
  A fire dragon zombie (D:15)
  An alligator zombie (Hell)
  An ice dragon zombie (D:15)
  5 snapping turtles
  9 boulder beetles
  3 hydra skeletons (Hell)
  An ettin skeleton (Abyss:2)
  An alligator skeleton (Hell)
  9 air elementals
  67 redbacks
  11 spriggans
  A shapeshifter (Vaults:2)
  14 water elementals
  2 shadows
  2 humans (Lair:5)
  29 tarantellas
  3 vampires (Vaults:2)
  An elf zombie (Vaults:1)
  4 hogs (Lair:4)
  8 fire elementals
  2 wyverns
  A yak (shapeshifter) (Vaults:4)
  2 yaktaur simulacra (Vaults:1)
  2 deep troll skeletons
  51 yaks
  4 basilisks
  13 vampire mosquitoes
  A wraith (D:13)
  A golden eye (shapeshifter) (Vaults:3)
  3 fire bats (Volcano)
  10 hippogriffs
  3 steam dragons (Lair:6)
  2 neqoxecs (Abyss:2)
  An insubstantial wisp (WizLab)
  6 mottled dragons
  9 wargs
  Menkaure (D:5)
  25 soldier ants
  17 water moccasins
  4 spatial vortices (WizLab)
  3 porcupines
  A giant eyeball (Depths:2)
  A giant eyeball (shapeshifter) (Depths:3)
  2 hell hounds (D:9)
  A swamp drake (Lair:6)
  A spiny frog zombie (Hell)
  61 orc warriors
  An ice beast (D:13)
  A sky beast (D:5)
  An ice beast (shapeshifter) (Elf:3)
  A black bear (shapeshifter) (Depths:3)
  2 phantoms
  2 black bears
  13 wasps
  An eye of draining (D:13)
  A necrophage (D:5)
  An alligator simulacrum (Hell)
  An orc zombie (Vaults:1)
  6 boggarts
  13 wolves
  36 ogres
  16 crocodiles
  29 centaurs
  A crocodile (shapeshifter) (Depths:1)
  13 giant frogs
  3 earth elementals
  A spiny frog simulacrum (Hell)
  A water moccasin zombie (D:8)
  2 yaktaur skeletons
  4 human skeletons
  6 scorpions
  2 boulder beetle zombies (Vaults:1)
  15 killer bees
  13 wights
  5 small abominations
  A howler monkey (D:4)
  4 lava snakes (Volcano)
  5 crimson imps
  2 human simulacra (Vaults:1)
  2 quasits
  A wasp zombie (D:8)
  A centaur zombie (D:5)
  A giant frog zombie (D:9)
  A gnoll shaman (D:6)
  6 hounds
  33 orc priests
  4 jellies
  7 centaur skeletons
  2 giant frog skeletons
  6 iron imps
  8 iguanas
  28 orc wizards
  33 worker ants
  45 sheep
  3 hound skeletons
  5 gnolls (D:6)
  14 adders
  44 river rats
  5 shadow imps
  3 ufetubi (Abyss:2)
  An ooze (D:4)
  An adder skeleton (D:10)
  2 dart slugs
  6 worms
  4 giant geckos
  140 orcs
  2 giant cockroaches
  11 goblins
  7 hobgoblins
  8 jackals
  9 kobolds
  2 quokkas
  2 bats
  A giant gecko skeleton (D:7)
  4 giant newts
  A jackal skeleton (D:5)
  A quokka zombie (D:7)
  6 rats
  A bush (Shoals:3)
  3 crawling corpses (Elf:3)
  An eldritch tentacle segment (WizLab)
  A plant (Shoals:4)
  2 starspawn tentacles (Abyss:2)
2320 creatures vanquished.

Vanquished Creatures (others)
  An eldritch tentacle (WizLab)
  A tengu reaver (Depths:3)
  A draconian zealot (Depths:5)
  A deep elf elementalist (Elf:3)
  A deep troll (Depths:4)
  An orc warrior (Vaults:5)
  A wasp (Depths:5)
  An ogre (Vaults:4)
  A small abomination (Abyss:2)
  2 orc priests
  A worker ant (D:5)
  An adder (D:5)
  4 orcs
  2792 eldritch tentacle segments (WizLab)
  14 fungi
  11 plants
  2 starspawn tentacles (WizLab)
  118 starspawn tentacle segments
2954 creatures vanquished.

Grand Total: 5274 creatures vanquished

Notes
Turn   | Place    | Note
-------+----------+-------------------------------------------
     0 | D:1      | Etesian the Merfolk Monk began the quest for the Orb.
     0 | D:1      | Reached XP level 1. HP: 18/18 MP: 1/1
   344 | D:1      | Reached XP level 2. HP: 24/24 MP: 2/2
   592 | D:1      | Reached skill level 5 in Polearms
   774 | D:1      | Reached XP level 3. HP: 29/29 MP: 3/3
  1499 | D:2      | Reached skill level 1 in Armour
  1499 | D:2      | Reached XP level 4. HP: 36/37 MP: 4/4
  1582 | D:3      | Found an oddly glowing altar of Pakellas.
  1582 | D:3      | Found a deep blue altar of Sif Muna.
  1907 | D:3      | Found a faded altar of an unknown god.
  2416 | D:4      | Found a bloodstained altar of Trog.
  2417 | D:4      | Found an iron altar of Okawaru.
  2429 | D:4      | Became a worshipper of Warmaster Okawaru
  2429 | D:4      | Reached * piety under Okawaru
  2429 | D:4      | Reached ** piety under Okawaru
  2461 | D:4      | Found Ynibey's Magic Scroll Shop.
  2472 | D:4      | Found a white marble altar of Elyvilon.
  2477 | D:4      | Reached XP level 5. HP: 42/42 MP: 5/5
  2483 | D:4      | Bought 2 scrolls of identify for 52 gold pieces
  2485 | D:4      | Bought a scroll of magic mapping for 45 gold pieces
  2485 | D:4      | Bought a scroll of identify for 26 gold pieces
  2534 | D:4      | Found a shattered altar of Ashenzari.
  2756 | D:4      | Found a hide-covered altar of Uskayaw.
  2955 | D:4      | Reached skill level 4 in Fighting
  3018 | D:5      | Entered Level 5 of the Dungeon
  3018 | D:5      | Noticed Grinder
  3018 | D:5      | Noticed a centaur
  3025 | D:4      | Paralysed by Grinder for 4 turns
  3137 | D:3      | Reached skill level 5 in Dodging
  3294 | D:4      | Reached XP level 6. HP: 22/48 MP: 6/6
  3511 | D:4      | Paralysed by Grinder for 6 turns
  3600 | D:5      | Noticed Menkaure
  3605 | D:5      | Killed Menkaure
  3605 | D:5      | Reached XP level 7. HP: 30/55 MP: 7/7
  4005 | D:5      | Reached *** piety under Okawaru
  4285 | D:5      | Reached skill level 5 in Fighting
  4332 | D:5      | Found a burning altar of Makhleb.
  4549 | D:4      | Paralysed by Grinder for 2 turns
  4556 | D:4      | Paralysed by Grinder for 3 turns
  4569 | D:4      | Killed Grinder
  4569 | D:4      | Reached XP level 8. HP: 20/63 MP: 5/8
  5019 | D:6      | Reached **** piety under Okawaru
  5451 | D:6      | Reached skill level 6 in Fighting
  5511 | D:6      | Reached skill level 10 in Polearms
  5680 | D:7      | Found a staircase to the Ecumenical Temple.
  5689 | Temple   | Entered the Ecumenical Temple
  5767 | D:7      | Found Zahaji's Food Boutique.
  5771 | D:7      | Noticed a two-headed ogre
  5805 | D:7      | Killed a two-headed ogre
  6200 | D:7      | Reached XP level 9. HP: 16/71 MP: 9/9
  6769 | D:7      | Found a sparkling altar of Nemelex Xobeh.
  6824 | D:7      | Found a basalt altar of Yredelemnul.
  6973 | D:8      | Reached skill level 1 in Shields
  7119 | D:8      | Reached skill level 7 in Fighting
  8018 | D:9      | Found a staircase to the Lair.
  8159 | D:9      | Reached ***** piety under Okawaru
  9103 | D:9      | Received a gift from Okawaru
  9103 | D:9      | Reached XP level 10. HP: 62/80 MP: 10/10
  9341 | D:9      | Reached skill level 8 in Fighting
  9377 | Lair:1   | Entered Level 1 of the Lair of Beasts
  9907 | Lair:1   | Noticed a spiny frog
  9934 | Lair:1   | Killed a spiny frog
  9953 | Lair:1   | Reached skill level 10 in Dodging
 10667 | Lair:2   | Reached skill level 9 in Fighting
 10766 | Lair:2   | Received a gift from Okawaru
 10766 | Lair:2   | Reached XP level 11. HP: 77/89 MP: 11/11
 10770 | Lair:2   | Got a shimmering halberd {god gift}
 10780 | Lair:2   | Reached skill level 5 in Shields
 10796 | Lair:2   | Reached skill level 1 in Invocations
 11068 | Lair:2   | Identified the +7 halberd of Faquso {pain, Str+2 SInv} (Okawaru gifted it to you on level 2 of the Lair of Beasts)
 11246 | Lair:2   | Found an ancient bone altar of Kikubaaqudgha.
 11341 | Lair:2   | Reached skill level 15 in Polearms
 12188 | Lair:3   | Received a gift from Okawaru
 12214 | Lair:3   | Got a shimmering buckler {god gift}
 12221 | Lair:3   | Identified the +3 buckler of Lifelessness {MR+} (Okawaru gifted it to you on level 3 of the Lair of Beasts)
 12356 | Lair:3   | Noticed an eight-headed hydra
 12410 | Lair:3   | Noticed a six-headed hydra
 12421 | Lair:3   | Killed a six-headed hydra
 12981 | Lair:3   | Reached skill level 5 in Invocations
 13357 | Lair:4   | Reached skill level 10 in Fighting
 13357 | Lair:4   | Reached XP level 12. HP: 97/97 MP: 16/16
 13369 | Lair:4   | Reached ****** piety under Okawaru
 13445 | Lair:4   | Received a gift from Okawaru
 13897 | Lair:4   | Found a hole to the Spider Nest.
 14024 | Lair:4   | Found a staircase to the Shoals.
 14654 | Lair:5   | Noticed Kirke
 14801 | Lair:4   | Received a gift from Okawaru
 15107 | Lair:4   | Killed Kirke
 15339 | Lair:5   | Reached XP level 13. HP: 93/105 MP: 19/19
 15744 | Lair:6   | Entered Level 6 of the Lair of Beasts
 15843 | Lair:6   | Reached skill level 11 in Fighting
 15887 | Lair:6   | Received a gift from Okawaru
 15980 | Lair:6   | Found a dark tunnel.
 16237 | Volcano  | Entered a volcano
 16482 | Volcano  | Found a bloodstained altar of Trog.
 16487 | Volcano  | Received a gift from Okawaru
 17093 | Lair:6   | Found a staircase to the Slime Pits.
 17094 | Lair:6   | Found a viscous altar of Jiyva.
 17124 | Lair:6   | Reached skill level 10 in Invocations
 18130 | Lair:6   | Received a gift from Okawaru
 18130 | Lair:6   | Reached XP level 14. HP: 69/114 MP: 22/22
 19548 | Lair:6   | Identified a scroll of acquirement
 19757 | D:10     | Entered Level 10 of the Dungeon
 19828 | D:10     | Reached skill level 12 in Fighting
 19877 | D:10     | Noticed Erolcha
 19887 | D:10     | Killed Erolcha
 19887 | D:10     | Received a gift from Okawaru
 19888 | D:10     | Noticed Etesian's ghost (novice MiMo)
 19915 | D:10     | Killed Etesian's ghost
 20626 | D:11     | Noticed Nergalle
 20651 | D:11     | Killed Nergalle
 21255 | D:11     | Found Mumuim's Book Boutique.
 21556 | D:12     | Found a roughly hewn altar of Beogh.
 21556 | D:12     | Found a staircase to the Orcish Mines.
 22365 | D:12     | Noticed a green very ugly thing
 22391 | D:12     | Killed a green very ugly thing
 22487 | D:12     | Reached skill level 13 in Fighting
 22813 | Orc:1    | Entered Level 1 of the Orcish Mines
 23271 | Orc:2    | Entered Level 2 of the Orcish Mines
 23271 | Orc:2    | Found a staircase to the Elven Halls.
 23298 | Orc:2    | Noticed an orc warlord
 23425 | Orc:1    | Killed an orc warlord
 23425 | Orc:1    | Reached XP level 15. HP: 105/124 MP: 16/23
 23785 | Orc:2    | Reached skill level 5 in Armour
 23821 | Orc:2    | Noticed an orc warlord
 23831 | Orc:1    | Noticed Fannar
 23859 | Orc:1    | Killed Fannar
 23859 | Orc:1    | Received a gift from Okawaru
 24127 | Orc:1    | Killed an orc warlord
 24332 | Orc:2    | Noticed an orc warlord
 24380 | Orc:1    | Killed an orc warlord
 25058 | Orc:2    | Reached skill level 15 in Dodging
 25132 | Orc:2    | Reached skill level 14 in Fighting
 25237 | Orc:2    | Found Biczapuh's General Store.
 25238 | Orc:2    | Found Barras's Jewellery Boutique.
 25239 | Orc:2    | Found Daikorch's Antique Armour Shop.
 25239 | Orc:2    | Found Ete Muh's Antique Weapon Shop.
 25254 | Orc:2    | Bought a cursed amulet of inaccuracy for 24 gold pieces
 25270 | Orc:2    | Bought an amethyst-encrusted ring mail for 342 gold pieces
 25271 | Orc:2    | Identified the cursed +0 ring mail of Agunka {+Inv Int-2 Slay+5} (You bought it in a shop on level 2 of the Orcish Mines)
 25326 | Orc:2    | Received a gift from Okawaru
 25774 | D:13     | Noticed Urug
 25787 | D:13     | Killed Urug
 26788 | D:14     | Found an ancient bone altar of Kikubaaqudgha.
 26912 | D:14     | Got a flickering steel amulet
 27335 | D:14     | Reached XP level 16. HP: 125/134 MP: 24/24
 27377 | D:14     | Found a gate to the Vaults.
 27535 | D:15     | Entered Level 15 of the Dungeon
 27602 | D:15     | Found a labyrinth entrance.
 27609 | Lab      | Entered a labyrinth
 27718 | Lab      | Received a gift from Okawaru
 27718 | Lab      | Reached skill level 15 in Fighting
 27851 | D:15     | Found a staircase to the Depths.
 27926 | D:15     | Received a gift from Okawaru
 28064 | D:15     | Identified the amulet of Muocan {Dismiss rN+ Int+2 Dex+2} (You found it on level 14 of the Dungeon)
 28894 | Spider:1 | Entered Level 1 of the Spider Nest
 29349 | Spider:1 | Received a gift from Okawaru
 29509 | Spider:1 | Got a spiked plate armour {god gift}
 30910 | Spider:2 | Reached skill level 16 in Fighting
 31938 | Spider:2 | Received a gift from Okawaru
 33180 | Spider:2 | Reached XP level 17. HP: 109/145 MP: 25/25
 33602 | Spider:3 | Received a gift from Okawaru
 33651 | Spider:3 | Identified the +10 plate armour "Asemn" {+Blink Regen+} (Okawaru gifted it to you on level 1 of the Spider Nest)
 33735 | Spider:3 | Reached skill level 10 in Shields
 34445 | Spider:3 | Learned a level 6 spell: Haste
 34934 | Spider:4 | Entered Level 4 of the Spider Nest
 35111 | Spider:4 | Reached skill level 17 in Fighting
 36778 | Spider:4 | Received a gift from Okawaru
 36779 | Spider:4 | Got an ichor-stained chain mail {god gift}
 36803 | Spider:4 | Identified the +6 chain mail of Absence {rElec MR- Int+9 Stlth-} (Okawaru gifted it to you on level 4 of the Spider Nest)
 38130 | Spider:4 | Got a gossamer rune of Zot
 38199 | Spider:4 | Reached XP level 18. HP: 150/156 MP: 0/26
 38349 | Shoals:1 | Entered Level 1 of the Shoals
 38809 | Shoals:1 | Reached skill level 18 in Fighting
 39352 | Shoals:2 | Received a gift from Okawaru
 40704 | Shoals:3 | Noticed Ilsuiw
 40814 | Shoals:2 | Killed Ilsuiw
 41175 | Shoals:3 | Found Atzifuf's Distillery.
 41210 | Shoals:3 | Received a gift from Okawaru
 41317 | Shoals:3 | Bought a potion of heal wounds for 90 gold pieces
 41317 | Shoals:3 | Bought a potion of heal wounds for 90 gold pieces
 41815 | Shoals:3 | Identified the +2 animal skin of Tenacity {rN+ Regen+} (You found it on level 3 of the Shoals)
 41972 | Shoals:4 | Entered Level 4 of the Shoals
 43213 | Shoals:4 | Got a barnacled rune of Zot
 43386 | Shoals:4 | Reached XP level 19. HP: 136/165 MP: 27/27
 43393 | Shoals:4 | Received a gift from Okawaru
 44071 | Vaults:1 | Entered Level 1 of the Vaults
 44572 | Vaults:1 | Reached skill level 10 in Armour
 44730 | Vaults:1 | Reached skill level 19 in Fighting
 45291 | Vaults:1 | Received a gift from Okawaru
 45292 | Vaults:1 | Got an ichor-stained plate armour {god gift}
 45293 | Vaults:1 | Identified the +0 plate armour "Nitihe" {rN+} (Okawaru gifted it to you on level 1 of the Vaults)
 47352 | Vaults:2 | Received a gift from Okawaru
 47400 | Vaults:2 | Reached XP level 20. HP: 127/174 MP: 23/28
 47793 | Vaults:2 | Reached skill level 15 in Shields
 47804 | Vaults:2 | Found Sitint's General Store.
 47876 | Vaults:2 | Found a staircase to the Crypt.
 48235 | Vaults:2 | Received a gift from Okawaru
 49886 | Vaults:3 | Found Zuylajibeh's Magic Scroll Shop.
 49894 | Vaults:3 | Bought a scroll of blinking for 97 gold pieces
 50043 | Vaults:3 | Found Eceuduev's Distillery.
 50051 | Vaults:3 | Bought a potion of heal wounds for 75 gold pieces
 50051 | Vaults:3 | Bought a potion of might for 60 gold pieces
 50102 | Vaults:3 | Received a gift from Okawaru
 50125 | Vaults:3 | Got a pair of translucent boots {god gift}
 50145 | Vaults:3 | Identified the +3 pair of boots "Otewiv" {rPois} (Okawaru gifted it to you on level 3 of the Vaults)
 50311 | Vaults:3 | Found Kaodum's Book Shoppe.
 50348 | Vaults:3 | Bought a book of Battle for 840 gold pieces
 50353 | Vaults:3 | Learned a level 2 spell: Shroud of Golubria
 50356 | Vaults:3 | Learned a level 2 spell: Song of Slaying
 50360 | Vaults:3 | Learned a level 3 spell: Regeneration
 50364 | Vaults:3 | Learned a level 3 spell: Spectral Weapon
 50480 | Vaults:3 | Found Zaamubil's Book Shoppe.
 50582 | Vaults:3 | Reached skill level 20 in Fighting
 50723 | Vaults:3 | Found Geoptiurch's Assorted Antiques.
 50726 | Vaults:3 | Bought a pair of dazzling gloves for 247 gold pieces
 50736 | Vaults:3 | Identified the +0 pair of gloves "Uracusche" {Int+4 Dex+2 Slay+3} (You bought it in a shop on level 3 of the Vaults)
 51918 | Vaults:4 | Received a gift from Okawaru
 52102 | Vaults:4 | Reached XP level 21. HP: 183/183 MP: 29/29
 52201 | Vaults:4 | Noticed Jory
 52241 | Vaults:4 | Killed Jory
 52896 | Depths:1 | Entered Level 1 of the Depths
 52942 | Depths:1 | Received a gift from Okawaru
 52963 | Depths:1 | Found a glowing golden altar of the Shining One.
 54479 | Depths:1 | Found a gateway to Hell.
 54523 | Depths:1 | Found a one-way gate to the infinite horrors of the Abyss.
 54611 | Depths:1 | Noticed Sojobo
 54639 | Depths:1 | Received a gift from Okawaru
 54655 | Depths:1 | Killed Sojobo
 54662 | Depths:1 | Got a pair of brightly glowing gloves {god gift}
 54673 | Depths:1 | Identified the +0 pair of gloves "Fior Ler" {-Cast rElec Slay+2} (Okawaru gifted it to you on level 1 of the Depths)
 55464 | Depths:2 | Reached skill level 21 in Fighting
 55877 | Depths:2 | Noticed Nikola
 55987 | Depths:2 | Killed Nikola
 56208 | Depths:2 | Reached skill level 1 in Charms
 56642 | Depths:2 | Noticed a golden dragon
 56681 | Depths:2 | Killed a golden dragon
 56681 | Depths:2 | Received a gift from Okawaru
 56780 | Depths:2 | Noticed Aizul
 56799 | Depths:2 | Killed Aizul
 56829 | Depths:2 | Reached XP level 22. HP: 183/194 MP: 30/30
 56985 | Depths:2 | Noticed Saint Roka
 57014 | Depths:2 | Killed Saint Roka
 57014 | Depths:2 | Reached skill level 5 in Charms
 57087 | Depths:2 | Received a gift from Okawaru
 57518 | Depths:2 | Learned a level 2 spell: Repel Missiles
 57521 | Depths:2 | Learned a level 2 spell: Blink
 57710 | Depths:3 | Found a magical portal.
 57720 | WizLab   | Entered The Roulette of Golubria
 57722 | WizLab   | Found a corrupted altar of Lugonu.
 57812 | WizLab   | Found a corrupted altar of Lugonu.
 58408 | WizLab   | Got a twitching ivory ring
 58409 | WizLab   | Identified the ring "Cumiciu" {AC+5 Int+2 SInv} (You found it in a wizard's laboratory)
 58639 | WizLab   | Got a pitted cloak
 58650 | WizLab   | Identified the -4 cloak of the Rose {rElec rF+ rC++ Slay+2} (You found it in a wizard's laboratory)
 58658 | WizLab   | Identified Huimp's Catalogue of Displacement (You found it in a wizard's laboratory)
 58687 | WizLab   | Got a dazzling cloak
 58693 | WizLab   | Identified the cursed +0 cloak of the Undertaker {rElec MR- rCorr SInv} (You found it in a wizard's laboratory)
 58885 | Depths:3 | Found a one-way gate leading to the halls of Pandemonium.
 59629 | Depths:3 | Noticed a golden dragon
 59639 | Depths:3 | Killed a golden dragon
 59666 | Depths:3 | Received a gift from Okawaru
 59819 | Depths:3 | Noticed a golden dragon
 59824 | Depths:3 | Noticed a golden dragon
 59850 | Depths:3 | Killed a golden dragon
 59876 | Depths:3 | Killed a golden dragon
 59876 | Depths:3 | Reached skill level 10 in Charms
 59906 | Depths:3 | Received a gift from Okawaru
 60376 | Depths:3 | Reached XP level 23. HP: 181/202 MP: 31/31
 60458 | Depths:3 | Identified the +7 morningstar "Xyefalin" {drain, Str+6 Int-3} (You took it off a frost giant on level 3 of the Depths)
 60465 | Depths:3 | Identified the Reference Book on Transmigration (You found it on level 3 of the Depths)
 60755 | Depths:4 | Noticed Mara
 60763 | Depths:4 | Noticed Etesian's illusion
 60864 | Depths:4 | Noticed Etesian's illusion
 60878 | Depths:4 | Noticed the Enchantress
 61024 | Depths:3 | Killed the Enchantress
 61024 | Depths:3 | Reached skill level 22 in Fighting
 61039 | Depths:3 | Received a gift from Okawaru
 61048 | Depths:3 | Identified the +7 faerie dragon armour {rElec Str+3} (You took it off the Enchantress on level 3 of the Depths)
 61898 | Depths:4 | Noticed Etesian's illusion
 62012 | Depths:4 | Noticed Etesian's illusion
 62110 | Depths:4 | Noticed Etesian's illusion
 62128 | Depths:4 | Killed Mara
 63111 | Depths:4 | Found a runed door.
 63111 | Depths:4 | Noticed a caustic shrike
 63135 | Depths:4 | Noticed Jorgrun
 63136 | Depths:4 | Found a gateway to a ziggurat.
 63150 | Depths:4 | Killed Jorgrun
 63394 | Depths:5 | Entered Level 5 of the Depths
 63468 | Depths:5 | Noticed Xtahua
 63484 | Depths:5 | Killed Xtahua
 63623 | Depths:5 | Noticed Boris
 63639 | Depths:5 | Killed Boris
 63639 | Depths:5 | Received a gift from Okawaru
 63770 | Depths:5 | Noticed a juggernaut
 63794 | Depths:5 | Killed a juggernaut
 63874 | Depths:5 | Reached XP level 24. HP: 105/213 MP: 31/31
 64400 | Depths:5 | Found a gate to the Realm of Zot.
 64467 | Depths:5 | Reached skill level 23 in Fighting
 64490 | Depths:5 | Noticed Arkorax's ghost (master MiMo)
 64571 | Depths:5 | Killed Arkorax's ghost
 64575 | Depths:5 | Received a gift from Okawaru
 65123 | Depths:5 | Received a gift from Okawaru
 65529 | Depths:5 | Reached skill level 15 in Charms
 66027 | Depths:4 | Killed a caustic shrike
 66082 | Depths:4 | Identified the Incunabulum of the Enchanting Snowflakes (You found it on level 4 of the Depths)
 66091 | Depths:4 | Got a heavily runed granite ring
 66093 | Depths:4 | Identified the ring "Boomah" {*Tele Str+4 Int+3} (You found it on level 4 of the Depths)
 66252 | Hell     | Entered the Vestibule of Hell
 66252 | Hell     | Noticed Geryon
 66694 | Hell     | Killed Geryon
 67178 | Hell     | Received a gift from Okawaru
 67418 | Hell     | Reached XP level 25. HP: 180/223 MP: 31/31
 67529 | Hell     | Found a gateway to the Iron City of Dis.
 67589 | Hell     | Found a gateway to the freezing wastes of Cocytus.
 67705 | Hell     | Found a gateway to the decaying netherworld of Tartarus.
 67840 | Hell     | Reached skill level 24 in Fighting
 67854 | Hell     | Found a gateway to the ashen valley of Gehenna.
 68125 | Elf:1    | Entered Level 1 of the Elven Halls
 68279 | Elf:1    | Received a gift from Okawaru
 69317 | Elf:2    | Found a huge runed gate.
 69317 | Elf:2    | Found a huge runed gate.
 69318 | Elf:2    | Found a huge runed gate.
 70084 | Elf:3    | Entered Level 3 of the Elven Halls
 70326 | Elf:3    | Reached skill level 15 in Armour
 70515 | Elf:3    | Received a gift from Okawaru
 70623 | Elf:3    | Found Deustruma's General Store.
 70631 | Elf:3    | Bought a scroll of enchant armour for 127 gold pieces
 71135 | Elf:3    | Identified Wizardry, Part Six (You found it on level 3 of the Elven Halls)
 71486 | Elf:3    | Received a gift from Okawaru
 71492 | Elf:3    | Cast into level 2 of the Abyss (a deep elf demonologist)
 72159 | Abyss:2  | Gained mutation: Your body sometimes deteriorates upon taking damage. [a neqoxec]
 72247 | Elf:3    | Escaped the Abyss
 72267 | Elf:3    | Reached XP level 26. HP: 207/234 MP: 28/31
 72335 | Elf:3    | Reached skill level 25 in Fighting
 72402 | Elf:3    | Identified the amulet "Jagrasis" {Faith +Fly rElec Int+5 Dex+3} (You took it off a deep elf knight on level 3 of the Elven Halls)
 72674 | Elf:3    | Identified Cyleis's Compendium of Shifting Darkness (You found it on level 3 of the Elven Halls)
 72737 | Elf:3    | Identified the Papyrus of Beguiling and the Volcanoes (You found it on level 3 of the Elven Halls)
 72738 | Elf:3    | Identified the Incunabulum of the Dusty Escort (You found it on level 3 of the Elven Halls)
 72951 | Elf:3    | Bought a potion of curing for 51 gold pieces
 73310 | D:5      | Fell from the grace of Okawaru
 73310 | D:5      | Became a worshipper of Makhleb the Destroyer
 73852 | Vaults:5 | Entered Level 5 of the Vaults
 74109 | Vaults:4 | Reached * piety under Makhleb
 74146 | Vaults:5 | Gained mutation: Scrolls take you a little longer to read. [a shining eye]
 74310 | Vaults:5 | Gained mutation: You are dopey. (Int -2) [a shining eye]
 74330 | Vaults:5 | Lost mutation: Scrolls take you a little longer to read. [potion of cure mutation]
 74330 | Vaults:5 | Lost mutation: Your body sometimes deteriorates upon taking damage. [potion of cure mutation]
 74330 | Vaults:5 | Lost mutation: You are dopey. (Int -2) [potion of cure mutation]
 74390 | Vaults:5 | Shot with a bolt by a yaktaur captain

Vault maps used:
D:1:      elethiomel_arrival_shortcut, serial_park_tiny_2
D:2:      first_bread
D:3:      gammafunk_temple_overflow_pools, ecumenical_altar_2
D:4:      grunt_temple_overflow_bloody_war, ashenzari_conservatory_becter,
          lemuel_crystal_altar, eat_drink_and_be_merry_uskayaw, serial_shops,
          shop, st_stairs_13
D:5:      nicolae_overflow_hidden_temple, lemuel_flamethrower_2, uniq_grinder,
          uniq_menkaure
D:7:      yredelemnul_altar_generic, serial_shops, nicolae_shop_stone,
          grunt_decor_mini_mirrors, minmay_misc_feat_doors,
          nemelex_diamond_rough_becter
D:8:      kennysheep_path_1
D:9:      minmay_lair_entry_lava
D:10:     uniq_erolcha
D:11:     serial_shops, kennysheep_little_box, grunt_ogre_cave, uniq_nergalle
D:12:     cheibrodos_breeding_chamber, david_orc_5
D:13:     uniq_urug
D:14:     david_vaults_5, kennysheep_doodads, basic_altar, lightli_wizard_tower
D:15:     gammafunk_depths_entry_grave, patterned_corridor, lab_entry_generic
Temple:   cyrus_circular_temple
Lair:1:   grunt_megastairs_3, infiniplex_staircase_pool_2, lemuel_fruit_fields
Lair:2:   basic_altar
Lair:4:   minmay_shoals_entry_beasts, dummy_spider_entry, minivault_19
Lair:5:   uniq_kirke
Lair:6:   hangedman_lair_in_review, guppyfry_lair_end_dragon, slime_altar_1,
          nicolae_volcano_entry_vermiform, st_stairs_11, serial_bayou_shore_b
Shoals:2: nicolae_shoals_undead_eyrie
Shoals:3: argonaut_golden_fleece, serial_shops, shop_statue, uniq_ilsuiw
Shoals:4: shoals_end_hangedman, shoal_ilsuiw
Spider:1: minivault_29
Spider:3: nicolae_orb_stairs
Spider:4: grunt_spider_rune_circles
Orc:1:    uniq_fannar
Orc:2:    st_orc_congregation
Elf:1:    minmay_elf_crystal_hexagon, st_stairs_3, corner_web_ring,
          grunt_ministairs_2
Elf:2:    einodemon_crawler_minivault
Elf:3:    nooodl_elf_gasket, serial_shops, shop, grunt_ministairs_4
Vaults:1: ontoclasm_vaults_shuriken, v_rooms_5, hangedman_vaults_capsules,
          v_alt_pattern_4, nicolae_vaults_big_ls, nicolae_vaults_asterisk,
          v_alt_pattern_6, v_alt_pattern_1, nicolae_vaults_an_arrangement,
          v_alt_pattern_3, nicolae_vaults_hallways_thing,
          nicolae_vaults_little_squares_6, vaults_room_fours, vaults_room_fours
Vaults:2: st_cross, vaults_mumra_hexcomb, ontoclasm_vaults_chip,
          grunt_vaults_hallway_short, nicolae_vaults_mini_display_case,
          nicolae_vaults_little_ls, vaults_standard_mumra_lines,
          nicolae_vaults_network_square, minmay_crypt_entry_vampire_xt,
          serial_shops, shop
Vaults:3: hangedman_vaults_hat, hangedman_vaults_stagger, v_pattern_4,
          nicolae_vaults_sealed_display, hangedman_vaults_cutoff,
          nicolae_vaults_alarming, vaults_room_grid, vaults_room_semicircle,
          ontoclasm_vaults_fault, hangedman_vaults_stretched_pinwheel,
          nicolae_vaults_rhombus_5, hangedman_vaults_stretched_pinwheel,
          serial_shops, nicolae_shop_behind_doors, shop,
          nicolae_shop_statue_plus, shop, nicolae_shop_behind_doors
Vaults:4: hangedman_vaults_corner_blocks, nicolae_vaults_rhombus_7,
          hangedman_vaults_unwind, v_misc_12, grunt_vaults_twisty,
          grunt_vaults_swirl, ontoclasm_vaults_eye,
          nicolae_vaults_little_squares_4, hangedman_vaults_hard_town_square,
          nicolae_vaults_shelves_hall, serial_glass, uniq_jory
Depths:1: nicolae_two_hexagons, hell_entry, abyss_entry, tso_metal_star,
          firewood_loft, uniq_sojobo
Depths:2: minmay_swirls_squares, lightli_too_deep, st_stairs_7, minivault_1,
          uniq_saint_roka, uniq_nikola, uniq_aizul
Depths:3: minmay_tile_spiral, hangedman_abyss_or_decor_clamps,
          mu_enter_wizlab_6, pf_coc_iceberg, pan_entry
Depths:4: minmay_gate_of_8, enter_ziggurat_f, grunt_hell_entry_dis_mu,
          abyss_entry_crystal, infiniplex_staircase_hallway_doors,
          serial_bayou_shore_b, uniq_mara, uniq_jorgrun, uniq_enchantress
Depths:5: grunt_x_marks_the_spot, abyss_entry, pf_hell_entry_tar_river,
          spider_trap, lightli_fourway_metalbox, uniq_xtahua, uniq_boris
Abyss:2:  evilmike_abyss_exit_4
Lab:      labyrinth_spiral
Volcano:  volcano_lake
WizLab:   wizlab_golubria

Skill      XL: |  1  2  3  4  5  6  7  8  9 10 11 12 13 14 15 16 17 18 19 20 21 22 23 24 25 26 |
---------------+-------------------------------------------------------------------------------+-----
Polearms       | 5 6 7 9 10 12 14 16 17 19 | 19.5
Armour         | 1 2 3 4 6 7 8 9 10 11 12 13 14 15 | 15.3
Fighting       | 4 5 6 7 9 10 11 13 14 16 17 18 19 20 21 22 23 24 25 | 25.3
Dodging        | 5 6 7 8 10 11 12 13 14 15 16 17 18 20 | 20.0
Shields        | 3 4 5 6 8 9 10 12 14 16 | 16.9
Invocations    | 5 8 10 11 | 11.6
Charms         | 4 10 13 15 17 | 17.8
Stealth        | |  2.1

Action                   |  1- 3 |  4- 6 |  7- 9 | 10-12 | 13-15 | 16-18 | 19-21 | 22-24 | 25-27 || total
-------------------------+-------+-------+-------+-------+-------+-------+-------+-------+-------++-------
Melee: Spear             |   130 |   195 |   467 |       |       |       |       |       |       ||   792
       Punch             |       |       |     2 |       |       |       |       |       |       ||     2
       Trident           |       |       |   274 |   715 |   175 |       |       |       |       ||  1164
       Halberd           |       |       |       |   395 |   381 |       |       |       |       ||   776
       Lajatang          |       |       |       |       |    21 |       |       |       |       ||    21
       Lance             |       |       |       |       |  1733 |  3111 |  2897 |  2242 |  1391 || 11374
       Tailslap          |       |       |       |       |       |   110 |     4 |       |     5 ||   119
Throw: Throwing net      |       |       |       |       |       |     2 |       |       |     3 ||     5
 Cast: Regeneration      |       |       |       |       |       |       |       |       |    31 ||    31
       Repel Missiles    |       |       |       |       |       |       |       |       |     1 ||     1
       Song of Slaying   |       |       |       |       |       |       |       |       |     2 ||     2
Invok: Heroism           |       |       |     5 |     3 |    14 |    10 |    11 |    12 |     1 ||    56
       Finesse           |       |       |       |       |     6 |    10 |     9 |    10 |     3 ||    38
 Abil: Stop Flying       |       |       |       |       |       |     1 |       |       |       ||     1
Evoke: Wand              |       |       |       |     2 |     8 |     4 |     3 |     2 |     3 ||    22
       Phial of floods   |       |       |       |       |       |     2 |       |       |       ||     2
  Use: Scroll            |     5 |     9 |    10 |     7 |    17 |     9 |     7 |     9 |     8 ||    81
       Potion            |       |     2 |     2 |       |     2 |     2 |     3 |     2 |     4 ||    17
 Stab: Sleeping          |    14 |     7 |     5 |     4 |     5 |       |       |       |       ||    35
       Distracted        |       |       |     2 |     2 |     1 |     1 |     1 |       |     1 ||     8
       Held in net/web   |       |       |       |       |       |     4 |       |       |     1 ||     5
  Eat: Chunk             |     2 |     7 |    18 |    19 |    32 |    46 |    44 |    21 |    23 ||   212
       Royal jelly       |       |       |       |     1 |     1 |       |       |     2 |     2 ||     6
       Meat ration       |       |       |       |       |     1 |       |       |       |       ||     1
       Pizza             |       |       |       |       |       |     3 |       |     7 |     1 ||    11
Armor: Robe              |     6 |     2 |       |       |       |       |       |       |       ||     8
       Ring mail         |       |    40 |   152 |   221 |    81 |       |       |       |       ||   494
       Leather armour    |       |       |       |       |     6 |       |       |       |       ||     6
       Fire dragon armou |       |       |       |       |   193 |   571 |   292 |   387 |   210 ||  1653
Dodge: Dodged            |    36 |    86 |   295 |   603 |   818 |  1775 |   795 |   939 |   506 ||  5853
       Deflected         |       |       |       |       |       |       |       |       |     4 ||     4
Block: Shield            |       |       |   112 |   124 |       |       |       |       |       ||   236
       Buckler           |       |       |       |    77 |   439 |  1112 |   634 |   734 |   394 ||  3390
